 Dungeon Crawl Stone Soup version 0.22-a0-565-gfc6459a524 (webtiles) character file.

6928 Brozuf the Destroyer (level 10, 0/51 HPs)
             Began as a Deep Elf Fire Elementalist on June 29, 2018.
             Was a Believer of Vehumet.
             Slain by a killer bee (8 damage)
             ... on level 9 of the Dungeon.
             The game lasted 00:39:02 (13853 turns).

Brozuf the Destroyer (Deep Elf Fire Elementalist)  Turns: 13853, Time: 00:39:02

Health: 0/51       AC:  6    Str:  8    XL:     10   Next: 80%
Magic:  20/27      EV: 13    Int: 21    God:    Vehumet [**....]
Gold:   179        SH:  0    Dex: 15    Spells: 16/31 levels left

rFire    . . .     SeeInvis .   b - +6 battleaxe "Grom" {protect, MR+}
rCold    . . .     Gourm    .   (shield currently unavailable)
rNeg     . . .     Faith    .   u - +0 robe
rPois    +         Spirit   .   s - +1 helmet
rElec    .         Reflect  .   (no cloak)
rCorr    .         Harm     .   (no gloves)
MR       ++...                  y - +0 pair of boots
Stlth    ++........             n - amulet of magic regeneration
HPRegen  0.17/turn              L - ring of poison resistance
MPRegen  0.45/turn              t - +1 ring of protection

@: lethally poisoned (0 -> -6)
A: no striking features
a: Renounce Religion


You were on level 9 of the Dungeon.
You worshipped Vehumet.
Vehumet was pleased with you.
You were not hungry.

You visited 2 branches of the dungeon, and saw 11 of its levels.

You collected 361 gold pieces.
You spent 182 gold pieces at shops.

Inventory:

Hand Weapons
 a - a +1 dagger of venom
 b - the +6 battleaxe "Grom" (weapon) {protect, MR+}
   (You found it on level 8 of the Dungeon)

   It protects the one who uses it against injury (+AC on strike).
   It affects your resistance to hostile enchantments.
Missiles
 A - 169 stones (quivered)
Armour
 k - a +0 hat
 s - a +1 helmet (worn)
 u - a +0 robe (worn)
 y - a +0 pair of boots (worn)
Jewellery
 d - an uncursed ring of protection from cold
 n - an amulet of magic regeneration (around neck)
 t - a +1 ring of protection (right hand)
 L - a ring of poison resistance (left hand)
Wands
 v - a wand of disintegration (26)
 C - a wand of acid (9)
 R - a wand of digging (14)
Scrolls
 e - 2 scrolls of identify
 f - a scroll of noise {unknown}
 h - 2 scrolls of fear
 i - 3 scrolls of enchant weapon
 j - a scroll of remove curse
 o - 3 scrolls of magic mapping
 E - 3 scrolls of teleportation
 G - 2 scrolls of amnesia {unknown}
 I - 2 scrolls of immolation {unknown}
 O - a scroll of vulnerability {unknown}
Potions
 g - 3 potions of haste
 l - 2 potions of flight
 m - 2 potions of cancellation
 q - a potion of invisibility
 r - a potion of brilliance
 x - 4 potions of lignification
 z - 5 potions of curing
 F - a potion of might
 J - a potion of mutation {unknown}
 P - 4 potions of degeneration
Miscellaneous
 K - a crystal ball of energy
Comestibles
 c - 19 rations


   Skills:
 + Level 0.8 Fighting
 - Level 2.4 Dodging
 - Level 2.4 Stealth
 + Level 11.0 Spellcasting
 * Level 12.5 Conjurations
 + Level 9.7 Fire Magic


You had 16 spell levels left.
You knew the following spells:

 Your Spells              Type           Power        Failure   Level  Hunger
a - Flame Tongue          Conj/Fire      #####        1%          1    None
b - Throw Flame           Conj/Fire      ######       1%          2    None
c - Conjure Flame         Conj/Fire      ######..     1%          3    None
d - Sticky Flame          Conj/Fire      ######..     1%          4    #......
x - Fireball              Conj/Fire      ######....   1%          5    ####...

Your spell library contained the following spells:

 Spells                   Type           Power        Failure   Level  Hunger
 Apportation              Tloc           ##....       6%          1    None
 Summon Small Mammal      Summ           ##..         6%          1    None
 Animate Skeleton         Necr           N/A          6%          1    None
 Confusing Touch          Hex            ##....       6%          1    None
 Inner Flame              Hex/Fire       ####....     2%          3    None


Dungeon Overview and Level Annotations

Branches:
Dungeon (10/15)            Temple (1/1) D:5             Orc (0/2) D:9
   Lair: D:8-11

Altars:
Ashenzari
Cheibriados
Dithmenos
Elyvilon
Fedhas
Gozag
Hepliaklqana
Kikubaaqudgha
Makhleb
Nemelex Xobeh
Okawaru
Qazlal
Ru
Sif Muna
Trog
Uskayaw
Vehumet
Wu Jian
Xom
Yredelemnul
Zin
The Shining One

Shops:
D:5 !

Annotations:
D:6 2 transporters, willthinkwithportals's ghost, novice CeHu
D:7 3 runed doors, brujo666's ghost, novice DsBe


Message History

The killer bee misses you.
The killer bee stings you but does no damage.
The killer bee stings you.
* * * LOW HITPOINT WARNING * * *
You are poisoned.
The killer bee poisons you! The human hits you.
* * * LOW HITPOINT WARNING * * *
The killer bee barely misses you.
Casting: Sticky Flame (safe; 1% risk of failure)
Confirm with . or Enter, or press ? or * to list all spells.
Aiming: Sticky Flame (safe; 1% risk of failure)
Press: ? - help, Shift-Dir - straight line, f - killer bee
Aim: a killer bee The sticky flame hits the killer bee.
The killer bee is lightly wounded.
The killer bee is covered in liquid flames!
You feel sick.
The killer bee burns!
The killer bee stings you but does no damage.
The killer bee barely misses you. The killer bee stings you!
You die...

.###.# #.#.######.# ## #.#
#.#......#.# # #.#
###########(#.####.#.# #.#
#.....)...(.#.# #.#.#
#.######.#####.......####.#.#
###........# #.....#..........#
#.......######.....#.#..###.###
##.#..##.# #....†y.......# #.#
.........# #.##.@y..#....# #.#
##....##.###.#.p.........# #.#
#.#..##.##....##.......## #.#
##.#..##.......#........# #.#
......>..<#...##...###..####.#
##.#.........................#
#............####..###..######
..#.....................#
#........#.######.......#


You could see 2 killer bees and a neutral human.

Vanquished Creatures
  2 two-headed ogres
  Grinder (D:3)
  3 hippogriffs (D:8)
  2 hungry ghosts
  A black bear (D:7)
  An eye of draining (D:8)
  An ice beast (D:5)
  4 ogres
  A phantom (D:6)
  4 sky beasts
  2 necrophages
  9 centaurs
  4 bullfrogs
  2 big kobolds
  A wyvern zombie (D:8)
  Blork the orc (D:6)
  2 water moccasin zombies
  5 scorpions
  6 killer bees
  5 howler monkeys
  8 wights
  7 crimson imps
  3 hounds
  A centaur skeleton (D:3)
  A jelly (D:9)
  3 orc priests
  3 bullfrog skeletons
  3 orc wizards
  Ijyb (D:3)
  2 iguanas
  7 worker ants
  A mummy (D:10)
  2 hound skeletons
  A worker ant zombie (D:10)
  Robin (D:3)
  5 adders
  2 shadow imps
  2 oozes
  An adder zombie (D:6)
  A worm (D:4)
  2 dart slugs
  4 leopard geckos
  21 orcs
  5 bats
  8 giant cockroaches
  13 goblins
  10 hobgoblins
  7 jackals
  2 quokkas (D:8)
  5 frilled lizards
  A jackal zombie (D:9)
  18 kobolds
  A leopard gecko skeleton (D:4)
  2 quokka zombies
  9 rats
220 creatures vanquished.

Notes
Turn   | Place    | Note
-------+----------+-------------------------------------------
     0 | D:1      | Brozuf the Deep Elf Fire Elementalist began the quest for the Orb.
     0 | D:1      | Reached XP level 1. HP: 10/10 MP: 6/6
   177 | D:1      | Reached XP level 2. HP: 15/15 MP: 6/8
   199 | D:1      | Learned a level 2 spell: Throw Flame
   283 | D:1      | Reached skill level 2 in Conjurations
  1076 | D:2      | Reached XP level 3. HP: 18/19 MP: 6/10
  1113 | D:2      | Learned a level 3 spell: Conjure Flame
  1543 | D:2      | Reached skill level 3 in Conjurations
  1694 | D:2      | Found a sacrificial altar of Ru.
  1947 | D:3      | Reached XP level 4. HP: 24/24 MP: 7/11
  2056 | D:2      | Learned a level 4 spell: Sticky Flame
  2275 | D:3      | Noticed Robin
  2401 | D:3      | Killed Robin
  2634 | D:3      | Reached XP level 5. HP: 26/28 MP: 2/13
  2705 | D:3      | Reached skill level 4 in Conjurations
  2963 | D:3      | Noticed Ijyb
  2970 | D:3      | Killed Ijyb
  3292 | D:3      | Noticed Grinder
  3309 | D:3      | Killed Grinder
  3309 | D:3      | Reached skill level 5 in Spellcasting
  3309 | D:3      | Reached skill level 5 in Conjurations
  3309 | D:3      | Reached skill level 5 in Fire Magic
  3309 | D:3      | Reached XP level 6. HP: 32/32 MP: 6/16
  3339 | D:3      | Learned a level 5 spell: Fireball
  3967 | D:4      | Reached XP level 7. HP: 36/36 MP: 9/17
  4385 | D:4      | Reached skill level 6 in Conjurations
  4821 | D:5      | Entered Level 5 of the Dungeon
  5309 | D:5      | Found a staircase to the Ecumenical Temple.
  5322 | Temple   | Entered the Ecumenical Temple
  5580 | Temple   | Became a worshipper of Vehumet
  5908 | D:5      | Found Emuamp's Distillery.
  5915 | D:5      | Bought a potion of lignification for 42 gold pieces
  5915 | D:5      | Bought a potion of curing for 42 gold pieces
  5915 | D:5      | Bought a potion of curing for 42 gold pieces
  5915 | D:5      | Bought a potion of degeneration for 14 gold pieces
  5915 | D:5      | Bought a potion of lignification for 42 gold pieces
  5998 | D:6      | Reached skill level 7 in Conjurations
  6113 | D:6      | Reached XP level 8. HP: 37/41 MP: 13/20
  6163 | D:6      | Noticed Blork the orc
  6311 | D:6      | Killed Blork the orc
  6406 | D:6      | Found a transporter.
  6406 | D:6      | Noticed willthinkwithportals's ghost (novice CeHu)
  6412 | D:6      | Found a transporter.
  6584 | D:6      | Reached skill level 8 in Conjurations
  7790 | D:7      | Reached skill level 9 in Conjurations
  8125 | D:7      | Reached XP level 9. HP: 45/45 MP: 13/23
  8697 | D:7      | Found a runed gate.
  8697 | D:7      | Found a runed gate.
  8698 | D:7      | Found a runed gate.
  8703 | D:7      | Noticed brujo666's ghost (novice DsBe)
  8852 | D:8      | Noticed a two-headed ogre
  9054 | D:8      | Reached skill level 10 in Conjurations
  9861 | D:8      | Reached * piety under Vehumet
  9861 | D:8      | Offered knowledge of Magic Dart by Vehumet.
 10202 | D:8      | Reached skill level 11 in Conjurations
 10389 | D:8      | Reached XP level 10. HP: 29/50 MP: 20/25
 10572 | D:8      | Found a runed door.
 10609 | D:8      | Found the +5 pair of quick blades "Gyre" and "Gimble" {pierce, Dex-3}
 10644 | D:8      | Got a faintly glowing hand axe
 10648 | D:8      | Got a crude battleaxe
 10933 | D:8      | Reached skill level 10 in Spellcasting
 10992 | D:8      | Identified the +4 hand axe "Lopics" {speed, rC++ Dex+3} (You found it on level 8 of the Dungeon)
 10993 | D:8      | Identified the +6 battleaxe "Grom" {protect, MR+} (You found it on level 8 of the Dungeon)
 11462 | D:8      | Killed a two-headed ogre
 11935 | D:9      | Noticed a two-headed ogre
 11951 | D:9      | Killed a two-headed ogre
 11951 | D:9      | Reached skill level 12 in Conjurations
 12308 | D:9      | Offered knowledge of Sting by Vehumet.
 12484 | D:9      | Reached ** piety under Vehumet
 12607 | D:9      | Found a runed door.
 12624 | D:9      | Found a basalt altar of Yredelemnul.
 12724 | D:9      | Found a staircase to the Orcish Mines.
 13121 | D:10     | Entered Level 10 of the Dungeon
 13853 | D:9      | Slain by a killer bee

Vault maps used:
D:1:      nicolae_arrival_washed_ashore
D:2:      overflow_temple_1_default
D:3:      minmay_strange_pillars, hangedman_decor_clover_reticule, uniq_robin,
          uniq_ijyb, uniq_grinder
D:4:      first_ration
D:5:      minmay_temple_entry_trees, serial_shops, shop,
          minmay_misc_feat_pillars, kennysheep_doodads, minmay_strange_pillars,
          glass_columns_b
D:6:      gammafunk_ghost_mausoleum, uniq_blork_the_orc
D:7:      ebering_ghost_rock_garden
D:8:      minmay_the_grid_triangle_9x9_rhombus_thin, blue_anna_alchemist,
          minmay_misc_feat_square
D:9:      orc_0_dummy, dk_yredelemnul_ordeal
D:10:     lemuel_castle_with_subvaults, serial_undead, serial_undead_a,
          serial_undead_d, serial_undead_a, serial_undead_a,
          kennysheep_generic_room_10
Temple:   kilobyte_greek_temple

Skill      XL: |  1  2  3  4  5  6  7  8  9 10 |
---------------+-------------------------------+-----
Conjurations   | 2 3 5 7 9 11 12 | 12.5
Spellcasting   | 4 5 6 8 9 11 | 11.0
Fire Magic     | 4 5 6 7 8 9 |  9.7
Fighting       | |  0.8
Dodging        | |  2.4
Stealth        | |  2.4

Action                   |  1- 3 |  4- 6 |  7- 9 | 10-12 || total
-------------------------+-------+-------+-------+-------++-------
Melee: Dagger            |       |     3 |   228 |    10 ||   241
       Battleaxe         |       |       |       |     2 ||     2
Throw: Stone             |       |     1 |     7 |     3 ||    11
 Cast: Flame Tongue      |    60 |    89 |   185 |   115 ||   449
       Throw Flame       |     7 |    20 |     6 |    17 ||    50
       Conjure Flame     |       |     9 |    27 |    18 ||    54
       Sticky Flame      |       |     3 |    30 |    15 ||    48
  Use: Scroll            |       |       |     6 |    10 ||    16
       Potion            |       |       |     1 |     2 ||     3
  Eat: Chunk             |     3 |     7 |    13 |     3 ||    26
       Ration            |       |       |     3 |     3 ||     6
Armor: Robe              |     5 |     6 |    63 |    11 ||    85
Dodge: Dodged            |    16 |    18 |   170 |    53 ||   257

Table legend:
 A = Spawn XP
 B = Non-spawn XP
 C = Spawn XP percentage of total XP
 D = Spawn monster count
 E = Non-spawn monster count
 F = Spawn count percentage of total count
 G = Total turns spent on level
                    A         B        C        D         E        F      G
               +---------+---------+-------+---------+---------+-------+---------
         Total |       0 |    9898 |   0.0 |       0 |     220 |   0.0 | 13853
               +---------+---------+-------+---------+---------+-------+---------
           D:1 |       0 |      32 |   0.0 |       0 |      20 |   0.0 |   931
           D:2 |       0 |      62 |   0.0 |       0 |      20 |   0.0 |  1107
           D:3 |       0 |     535 |   0.0 |       0 |      44 |   0.0 |  1456
           D:4 |       0 |     266 |   0.0 |       0 |      20 |   0.0 |  1688
           D:5 |       0 |     343 |   0.0 |       0 |       9 |   0.0 |   537
           D:6 |       0 |    1078 |   0.0 |       0 |      19 |   0.0 |  1480
           D:7 |       0 |     867 |   0.0 |       0 |      12 |   0.0 |  1462
           D:8 |       0 |    4362 |   0.0 |       0 |      44 |   0.0 |  2818
           D:9 |       0 |    2017 |   0.0 |       0 |      25 |   0.0 |  1578
          D:10 |       0 |     336 |   0.0 |       0 |       7 |   0.0 |   501
               +---------+---------+-------+---------+---------+-------+---------
